[Event "Summer Prague Open-A 2022"]
[Site "Prague"]
[Date "2022.08.05"]
[Round "1.19"]
[White "Lehocz, Jozsef"]
[Black "Risting, Eivind Olav"]
[Result "0-1"]
[ECO "A00"]
[WhiteElo "1936"]
[BlackElo "2325"]
[Annotator "TA"]
[PlyCount "98"]
[EventDate "2022.08.05"]
[EventType "swiss"]
[EventCountry "CZE"]
[SourceTitle "playchess.com"]
[Source "ChessBase"]
[SourceQuality "1"]
[TimeControl "40/5400+30:1800+30"]

1. c3 Nf6 2. d3 d5 3. Qc2 g6 4. e4 Bg7 {[%emt 0:00:53] [#]} 5. Bg5 $146 ({Predecessor:} 5. Nf3 O-O 6. Be2 c5 7. O-O Nc6 8. a3 Bg4 9. h3 Bxf3 10. Bxf3 Rc8 11. Bg5 {½-½ (49) Korth,M (1820)-Bothe,M (1873) Mittelfranken 2018}) 5... O-O 6. Nd2 {[%emt 0:00:10] A00: Irregular Openings.} c5 7. Be2 Nc6 8. Ngf3 {[%emt 0:02:12] Black is slightly better.} b6 9. O-O h6 10. Bh4 Re8 11. Rfe1 Bb7 12. e5 Nh5 13. d4 Nf4 14. Bb5 Ne6 15. Nb3 a6 16. Bf1 a5 17. dxc5 bxc5 18. a4 ({Much worse is} 18. Bb5 a4 19. Nbd2 Qa5 $17) 18... Qb6 19. Rad1 Red8 20. Bb5 Rab8 21. Nc1 Qc7 22. Bg3 Ba8 23. b3 Qb6 24. h3 Rbc8 25. Nh4 Nf8 {[%emt 0:02:14] [#]} (25... c4 $11) 26. Kh2 $2 (26. e6 $1 $16 ) 26... e6 (26... d4 $15) 27. f4 $11 d4 28. Nd3 (28. Nf3 $11 {remains equal.}) 28... dxc3 $17 {[%emt 0:00:28] Strongly threatening ...Nd4.} 29. Qxc3 Nd4 {[%emt 0:00:15] [#] Against Nf3. ...g5 is the strong threat.} 30. Bc4 $2 {[%emt 0:00:19] This costs White the game.} (30. Nb2 $17) 30... g5 $19 31. Nf3 (31. fxg5 $142 hxg5 32. Qd2 gxh4 33. Bxh4) 31... Bxf3 32. gxf3 Nxf3+ {[%emt 0:00:16] Pair of Knights!} 33. Kg2 Nxe1+ (33... Qb7 $142 {( -> ...Nh4+)} 34. Kf2 gxf4 35. Nxf4 Nxe5) 34. Rxe1 Ng6 {[%emt 0:00:27] Threatens to win with ...Qb7+.} 35. fxg5 hxg5 36. Qc1 Qb7+ 37. Kf2 Bh6 38. h4 Qe7 ({But not} 38... g4 $2 39. Qd1 $19) 39. Rh1 Rd4 {[%emt 0:01:15] aiming for ...Rcd8.} 40. h5 Nf8 41. Qe3 Nd7 42. Kg2 Nb6 43. Ba6 {[%emt 0:07:02] Inhibits Qb7+.} Rcd8 44. Nf2 Nd5 45. Qf3 Qa7 46. Bc4 Nf4+ 47. Kh2 Qa8 48. Qxa8 Rxa8 49. Rg1 Nxh5 {[%emt 0:00:30] Weighted Error Value: White=0.29 (precise) /Black=0.23 (precise)} 0-1

[Event "Summer Prague Open-A 2022"]
[Site "Prague"]
[Date "2022.08.05"]
[Round "1.20"]
[White "Hansch, Karsten"]
[Black "Lye, Sigurd"]
[Result "1/2-1/2"]
[ECO "B30"]
[WhiteElo "2320"]
[BlackElo "1717"]
[Annotator "TA"]
[PlyCount "65"]
[EventDate "2022.08.05"]
[EventType "swiss"]
[EventCountry "CZE"]
[SourceTitle "playchess.com"]
[Source "ChessBase"]
[SourceQuality "1"]
[TimeControl "40/5400+30:1800+30"]

1. e4 c5 2. Nf3 Nc6 3. Bc4 e6 4. O-O Nf6 5. Re1 d5 6. exd5 {[%emt 0:01:58] B30: Sicilian: 2...Nc6 3 Bb5, lines without ...g6.} Nxd5 7. d4 cxd4 8. Nxd4 {[%emt 0:00:48] [#]} Bc5 $146 ({Predecessor:} 8... Be7 9. Nxc6 bxc6 10. Nd2 Bf6 11. Ne4 O-O 12. Nxf6+ Qxf6 13. c3 Rd8 14. Qe2 Bb7 {½-½ (52) Osinovsky,S (2241)-Kulkarni,R (2321) Chess.com INT 2020}) 9. Nb3 {[%emt 0:18:59] [#]} (9. Nxc6 $11 bxc6 10. Nd2) 9... Be7 (9... Bxf2+ $1 $17 10. Kxf2 Qh4+ 11. Kg1 Qxc4) 10. Bxd5 $11 Qxd5 11. Qxd5 exd5 12. Be3 (12. Nc3 $5 ) 12... Be6 13. Bc5 Bf6 14. c3 O-O-O 15. Rd1 (15. Nd4 $11) 15... d4 $1 $15 16. Nxd4 b6 {[%emt 0:02:55] [#]} (16... Rd5 $1 $15 17. Ba3 (17. b4 Rhd8 $17) 17... b6) 17. Na3 $1 $11 bxc5 18. Nxc6 Rxd1+ 19. Rxd1 a6 20. Ra1 Kc7 21. Na5 Rd8 22. N5c4 {[%emt 0:00:19] Pair of Knights!} Rd3 23. Ne3 Bg5 24. Nf1 Kc6 25. f3 Rd8 {[%emt 0:01:40][%mdl 1024] Black has compensation.} 26. b3 (26. g3 $11 {remains equal.}) 26... Bf6 27. Rc1 Rd3 28. Nb1 Bg5 29. Re1 c4 30. b4 Bf6 31. Rc1 $1 Bg5 32. Re1 Bf6 (32... a5 $5 33. bxa5 Rd5 $15) 33. Rc1 $1 {Weighted Error Value: White=0.22 (precise) /Black=0.18 (very precise)} 1/2-1/2

[Event "Summer Prague Open-A 2022"]
[Site "Prague"]
[Date "2022.08.05"]
[Round "1.21"]
[White "Tesar, Jan"]
[Black "Kulhanek, Tomas"]
[Result "0-1"]
[ECO "A46"]
[WhiteElo "1975"]
[BlackElo "2319"]
[Annotator "TA"]
[PlyCount "90"]
[EventDate "2022.08.05"]
[EventType "swiss"]
[EventCountry "CZE"]
[SourceTitle "playchess.com"]
[Source "ChessBase"]
[SourceQuality "1"]
[TimeControl "40/5400+30:1800+30"]

1. d4 Nf6 2. Nf3 e6 3. e3 b6 4. Bd3 Bb7 5. O-O d6 6. b3 g6 7. Bb2 Bg7 8. Nbd2 O-O 9. Qe2 {[%emt 0:01:08] [#] A47: 1 d4 Nf6 2 Nf3 b6: Torre, London and Colle Systems.} a5 $146 ({Predecessor:} 9... Nbd7 10. Rfd1 c5 11. Ba6 Bxa6 12. Qxa6 Qc7 13. Qd3 Rfd8 14. c4 a6 15. Rac1 Qb7 16. Qb1 b5 {0-1 (68) Socko,M (2472)-Socko,B (2624) Grosseto Prugna 2015}) 10. Rad1 a4 11. b4 {[%emt 0:02:11] The position is equal.} a3 12. Bc1 {[%emt 0:00:18] [#]} (12. Ba1 $1 $11 {remains equal.}) 12... Nd5 $1 $17 13. Nb1 {[%emt 0:03:40] Inhibits Nc3.} Nxb4 14. Bc4 d5 15. Bb3 Ba6 16. c4 N4c6 17. Nxa3 Na5 18. Qc2 Nbc6 19. Rfe1 dxc4 (19... Nb4 $17 20. Qe2 c5) 20. Nxc4 $15 Nxc4 21. Bxc4 Bxc4 (21... Nb4 $5 22. Qb3 Bxc4 23. Qxc4 Nxa2 $11) 22. Qxc4 Qd5 23. Qxd5 exd5 24. Re2 Na5 25. Rc2 c6 26. Bd2 Nc4 27. Bb4 Rfe8 28. Nd2 Ra4 {[%emt 0:00:36] Black is more active.} 29. Nxc4 (29. Rb1 $142) 29... dxc4 $17 30. a3 {[%emt 0:01:27] [#]} b5 (30... Rd8 $1 $17 {[%cal Oc6c5] White must now prevent ...c5!} 31. Rb1 b5) 31. d5 $1 $15 Rd8 32. d6 f5 33. Re2 ({Of course not} 33. d7 Bf8 34. Kf1 Bxb4 35. axb4 Rxb4 $19) 33... Kf7 34. e4 ({But not} 34. d7 $2 Bf8 35. f4 Bxb4 36. axb4 Rxb4 $19) 34... f4 35. g3 (35. e5 $1 $11 Ke6 36. f3) 35... f3 $17 36. Re3 Be5 37. Rxf3+ Ke6 38. Re3 $2 {[%emt 0:02:28] Now White is beyond hope.} (38. Kf1 $17 {was worth a try.}) 38... Bxd6 $19 39. g4 $2 {[%emt 0:04:30] [#]} (39. Kf1) 39... Bxh2+ $1 40. Kxh2 Rxd1 {[%emt 0:00:06] KRR-KRB} 41. f4 Rd3 42. f5+ Ke5 43. Re2 c5 44. Bxc5 c3 {[%emt 0:00:09] Strongly threatening ...Rd2.} 45. Bb4 {[%emt 0:03:22] [#]} Rxb4 $1 {[%emt 0:00:46][%mdl 512] Weighted Error Value: White=0.75/Black=0.15 (very precise)} 0-1

[Event "Summer Prague Open-A 2022"]
[Site "Prague"]
[Date "2022.08.05"]
[Round "1.22"]
[White "Kueppers, Timo"]
[Black "Bystrickiy, Daniil"]
[Result "0-1"]
[ECO "A34"]
[WhiteElo "2314"]
[BlackElo "1951"]
[Annotator "TA"]
[PlyCount "92"]
[EventDate "2022.08.05"]
[EventType "swiss"]
[EventCountry "CZE"]
[SourceTitle "playchess.com"]
[Source "ChessBase"]
[SourceQuality "1"]
[TimeControl "40/5400+30:1800+30"]

1. c4 Nf6 2. Nc3 c5 3. g3 d5 4. cxd5 Nxd5 5. Bg2 Nc7 6. Nf3 Nc6 7. a3 g6 8. h4 {[%emt 0:00:04] A34: Symmetrical English: 2 Nc3, lines with ...d5.} h5 {[%emt 0:05:36] [#]} 9. Rb1 $146 ({Predecessor:} 9. d3 Bg7 10. Ne4 b6 11. Rb1 Bf5 12. Nfg5 Qd7 13. Be3 O-O 14. b4 cxb4 15. axb4 Nd5 {1-0 (69) Santos Izquierdo,F (2121)-Bustos Bernardo,S (2158) Conil de la Frontera 2021}) 9... Bf5 10. d3 {[%emt 0:00:41] The position is equal.} Bg7 11. Ng5 c4 12. e4 Bg4 13. f3 Qd6 14. Bf4 $16 ({Don't play} 14. fxg4 $6 Qxg3+ 15. Kf1 hxg4 $11) 14... e5 15. Be3 Be6 16. Nxe6 Qxe6 17. Bh3 f5 18. dxc4 $1 Qxc4 19. Rc1 ({White should play} 19. exf5 $16 Rd8 20. Qe2 Qxe2+ 21. Nxe2) 19... Qf7 $14 20. Nd5 O-O-O 21. exf5 $2 Kb8 22. Rxc6 Nxd5 23. Qb3 {[%emt 0:03:46] aiming for Ra6.} Qd7 $1 24. Rc1 {[%emt 0:01:25] And now f6 would win.} Nxe3 25. Qxe3 {[%emt 0:00:30] Hoping for f6.} Bh6 $1 {[%emt 0:00:09][%mdl 64] Skewer} 26. Qxe5+ (26. f4 $17 {was worth a try.} Rhe8 27. O-O exf4 28. Qb3) 26... Ka8 $19 {[%emt 0:00:02] ( -> ...Qd2+)} 27. O-O {[%emt 0:00:18][%cal Of1d1] Black must now prevent Rfd1!} Rhe8 28. Qf6 (28. Qc7 $142 Bxc1 29. Rxc1 Re1+ 30. Bf1 Qd4+ 31. Kh1 Rxc1 32. Qxc1) 28... Bxc1 29. Rxc1 {[%emt 0:00:03] [#]} Qd2 $2 (29... a6 $1 $19 {...Ka7 is the strong threat.} 30. f4 Qd2) 30. Rf1 $2 ({Only move:} 30. Qc3 $15 Qd7 31. Rc2) 30... gxf5 31. Qxf5 $2 (31. Qc3 Rg8 32. Qxd2 Rxd2 33. Rf2 Rxg3+ 34. Bg2 Rd1+ 35. Kh2) 31... Qe3+ $2 (31... Rg8 $19 {and Black stays clearly on top.} 32. g4 (32. Qe5 $2 Rde8 $19) 32... Qd4+ 33. Kh1 Rh8) 32. Kh2 $17 Qe2+ 33. Bg2 $1 Rd2 {[%emt 0:00:26][%csl Gd2][%cal Re2g2] Black is more active.} 34. Rg1 Qf2 35. Qxh5 $2 (35. f4 $1 $11) 35... Rg8 $19 36. Qe5 {[%emt 0:01:07] [#]} Rxb2 $40 {[%emt 0:01:27][%mdl 128] White is in trouble.} (36... Re2 $1 $19 {[%cal Re2e5] is more deadly.} 37. Qf4 Rxb2) 37. h5 $2 {[%emt 0:01:04][%mdl 8192] [#]} (37. Qe1 $17 Qxf3 38. Kh1 Qxa3 39. Qe6) 37... Rb5 $3 {[%emt 0:00:05][%cal Bb2b5,Bb5e5,Be5e3,Be3a3,Ba3a1,Ba1g1,Bg1g2][%mdl 608] Skewer} 38. Rf1 Qxf1 39. Bxf1 Rxe5 40. g4 Re3 41. Kg3 Rxa3 {[%emt 0:30:23] Strongly threatening ...a5.} 42. Bc4 Rf8 43. Bd5 Ra1 44. f4 Rg1+ 45. Bg2 a5 46. Kf2 {[%emt 0:00:00] [#]} Rxg2+ $1 {[%emt 0:00:00] Weighted Error Value: White=0.90/Black=0.29 (precise)} 0-1

[Event "Summer Prague Open-A 2022"]
[Site "Prague"]
[Date "2022.08.05"]
[Round "1.23"]
[White "Fiskaaen, Martin Holten"]
[Black "Guz, Ari"]
[Result "1-0"]
[ECO "D37"]
[WhiteElo "1930"]
[BlackElo "2331"]
[Annotator "TA"]
[PlyCount "145"]
[EventDate "2022.08.05"]
[EventType "swiss"]
[EventCountry "CZE"]
[SourceTitle "playchess.com"]
[Source "ChessBase"]
[SourceQuality "1"]
[TimeControl "40/5400+30:1800+30"]

1. d4 Nf6 2. c4 e6 3. Nf3 d5 4. Nc3 Nbd7 5. Bf4 dxc4 6. e3 {[%emt 0:21:26] D37: Queen's Gambit Declined: 5 Bf4.} b5 7. Nxb5 Bb4+ 8. Nc3 {[%emt 0:04:52] White is slightly better.} Nd5 9. Rc1 {[%emt 0:08:23] [#]} (9. Bxc4 Nxc3 10. bxc3 Bxc3+ 11. Nd2 Bxa1 12. Qxa1 O-O $15) 9... Bxc3+ $146 ({Predecessor:} 9... N7b6 10. Bg3 c5 11. Be2 O-O 12. O-O Bb7 13. Nxd5 Qxd5 14. a3 cxd4 15. Qxd4 Be7 16. Qxd5 Bxd5 {0-1 (42) Ding,L (2805)-Aronian,L (2765) Saint Louis 2019}) 10. bxc3 Nxf4 11. exf4 Qf6 12. g3 $1 (12. Bxc4 Qxf4 13. O-O Bb7 $11) 12... O-O 13. Bxc4 Bb7 14. O-O Nb6 15. Bd3 Rfd8 16. Qe2 Rac8 17. Ng5 g6 18. Be4 Bd5 19. Bxd5 exd5 20. Rfe1 {[%emt 0:02:58] White is more active.} c5 21. Nf3 Nc4 22. Qe7 Qc6 (22... Qxe7 $142 23. Rxe7 a5) 23. Ne5 (23. Qxa7 $2 Rd7 24. Qxc5 Qa6 25. Qxc8+ (25. Qb4 $2 Rb7 $19) 25... Qxc8 $19) 23... Nxe5 24. fxe5 (24. Qxe5 $6 Re8 25. Qg5 cxd4 26. cxd4 Qxc1 27. Rxc1 Rxc1+ 28. Kg2 Rc2 $11) 24... Rd7 25. Qg5 Re8 26. h4 Rde7 27. Qd2 Re6 28. Kg2 Rb8 29. Rb1 Rc8 30. Rbc1 Rb8 $1 31. Rb1 Rc8 32. Rb2 Rce8 33. f4 cxd4 34. cxd4 (34. Qxd4 R6e7 35. Re3 Rc7 $16) 34... Qa4 35. Qb4 (35. f5 $18 Rb6 36. Rxb6 axb6 37. f6) 35... Qxb4 (35... Ra6 $16 {is a better defense.}) 36. Rxb4 $16 {[%emt 0:00:01][%mdl 4096] Endgame KRR-KRR} Ra6 37. Re2 Rc8 38. Rb5 Ra3 (38... Rc3 $142 39. Kh2 (39. Rxd5 Raa3 $16) 39... Rd3) 39. Kh2 $18 (39. Rxd5 Rcc3 $16) 39... Rd8 {[%emt 0:00:49] [#]} 40. Reb2 (40. Rb7 $1 $18) 40... Rd3 (40... Rd7 $16 {keeps fighting.} 41. Rb8+ Kg7) 41. Rb7 Rxd4 42. Rxa7 Rc8 (42... Re4 {was worth a try.} 43. Kh3 h5) 43. e6 fxe6 (43... Re4 $142 44. Rxf7 (44. exf7+ Kf8 $18) 44... Rxe6) 44. Rbb7 {[%emt 0:00:14] Rg7+ is the strong threat.} h5 45. Rg7+ Kf8 46. Rh7 ({Wrong is} 46. Rxg6 $2 Rd2+ 47. Kh3 Rcc2 48. Rf6+ Ke8 49. Rxe6+ Kd8 50. Rd6+ Kc8 51. Rc6+ (51. Ra8+ {is a self mate.} Kb7) 51... Rxc6 $19) 46... Rc2+ $2 (46... Kg8 47. Rag7+ Kf8 48. Rxg6 Re4 49. Rf6+ (49. Rxh5 Ke7 $18) 49... Kg8 50. Rxh5 Rc2+ 51. Kh3 Rc7 52. Rg5+ Rg7) 47. Kh3 Kg8 {[%emt 0:00:03] Prevents Rh8+.} 48. Rag7+ Kf8 {[%emt 0:00:15] ( -> ...Rdd2)} 49. Rxg6 Rdd2 50. Rxh5 Kf7 51. Rhh6 d4 (51... Re2 $142 52. h5 Ke7) 52. Rxe6 d3 53. Rd6 Rxa2 54. Rh7+ Kg8 55. Rc7 Rh2+ 56. Kg4 Ra8 57. Rxd3 Kh8 58. Rd5 Rg2 59. Rc3 (59. Rd6 $142 Rga2 60. Kg5 R2a5+ 61. f5 Rg8+ 62. Kh5 Rga8 63. g4 R5a7 {[#]} 64. Rd8+ $3 Rxd8 65. Rxa7) 59... Rg8+ 60. Rg5 Re8 61. h5 Re7 62. Kf5 Kh7 63. Rc6 Rd2 64. Kg4 Rg2 65. Kh3 Rg1 66. Rgc5 (66. Rgg6 $142 Rf1 67. Kg4 Rd7 68. Rh6+ Kg8 69. f5 Rf7 70. Rcg6+ Kf8 71. Rh8+ Ke7 72. h6 R1xf5 73. h7) 66... Re3 (66... Rg7 $18 67. Rg5 Rf7) 67. Rg6 Re7 68. Re5 Ra7 69. Rge6 (69. f5 $142 Rga1 70. Kh4 R1a5 71. Rxa5 Rxa5 72. g4 Kh8 73. f6 Ra7 74. Rg7) 69... Ra3 70. Re3 {[%emt 0:00:11] White mates.} Ra2 71. Kg4 Rag2 72. Rb6 Kg7 73. Rc3 {[%emt 0:00:32] Weighted Error Value: White=0.22 (precise) /Black=0.34} 1-0

[Event "Summer Prague Open-A 2022"]
[Site "Prague"]
[Date "2022.08.05"]
[Round "1.24"]
[White "Hozda, Max"]
[Black "Kundin, Alexander"]
[Result "1/2-1/2"]
[ECO "D11"]
[WhiteElo "1861"]
[BlackElo "2305"]
[Annotator "TA"]
[PlyCount "58"]
[EventDate "2022.08.05"]
[EventType "swiss"]
[EventCountry "CZE"]
[SourceTitle "playchess.com"]
[Source "ChessBase"]
[SourceQuality "1"]
[TimeControl "40/5400+30:1800+30"]

1. d4 d5 2. c4 c6 3. Nf3 dxc4 4. e3 b5 5. a4 e6 6. axb5 cxb5 7. b3 Bb4+ 8. Bd2 Bxd2+ 9. Nbxd2 a5 10. bxc4 b4 11. c5 (11. Bd3 $16) 11... Nf6 $11 {[%emt 0:00:39] D11: Slav Defence: 3 Nf3 sidelines and 3...Nf6 4 e3 Bg4.} 12. Nc4 {[%emt 0:07:06] [#] aiming for Nd6+.} O-O 13. Bd3 Nc6 {[%emt 0:12:00] [#] The position is equal.} 14. Qc2 $146 ({Predecessor:} 14. O-O Ba6 15. Nb6 Bxd3 16. Qxd3 Rb8 17. e4 Rxb6 18. cxb6 Qxb6 19. e5 Nd5 20. Ng5 {0-1 (47) Wohl,A (2400)-Lanzani,M (2355) Turin 1996}) 14... Ba6 15. Nb6 Bxd3 16. Qxd3 Ra7 17. e4 Nd7 $1 18. Na4 {[%emt 0:02:47] [#]} (18. Qb5 $11 {keeps the balance.} Nxb6 19. Qxc6) 18... Nde5 $1 $17 19. Nxe5 Nxe5 {[%emt 0:00:05][%mdl 64] Pin} 20. Qd2 Nc6 21. O-O-O (21. Rd1 $142) 21... Rd7 (21... Qf6 $17 {And now ...Rd8 would win.} 22. Kb1 Rd8) 22. d5 $11 exd5 ({Black should try} 22... Na7 $1 $15) 23. exd5 $14 {[%emt 0:04:15] Strongly threatening Nb6.} Qf6 {[%emt 0:00:22] White must now prevent ...Qa1+.} 24. Nb6 (24. Kc2 $1 $14) 24... Rdd8 25. Qb2 Qe7 26. Qc2 {[%emt 0:05:54] Active counter play!} b3 27. Qc3 Nb4 {[%emt 0:01:01] ...Na2+ is the strong threat.} 28. Kb2 Qe2+ (28... Qg5 $1 $14) 29. Rd2 $16 {[%emt 0:01:32] Chess con chili.} Qb5 {[%emt 0:00:03] Weighted Error Value: White=0.27 (precise) /Black=0.24 (precise)} 1/2-1/2

[Event "Summer Prague Open-A 2022"]
[Site "Prague"]
[Date "2022.08.06"]
[Round "2.1"]
[White "Zanan, Evgeny"]
[Black "Gavriely, Or"]
[Result "1-0"]
[ECO "B10"]
[WhiteElo "2521"]
[BlackElo "2072"]
[Annotator "TA"]
[PlyCount "93"]
[EventDate "2022.08.05"]
[EventType "swiss"]
[EventCountry "CZE"]
[SourceTitle "playchess.com"]
[Source "ChessBase"]
[SourceQuality "1"]
[TimeControl "40/5400+30:1800+30"]

1. e4 c6 2. Nf3 d5 3. Nc3 dxe4 4. Nxe4 Nf6 5. Qe2 Nxe4 6. Qxe4 Qd5 {[%emt 0:00:05] B11: Caro-Kann: Two Knights Variation.} 7. Qf4 Qf5 8. Qe3 Qe6 {[%emt 0:00:09] The position is equal.} 9. b3 Qxe3+ 10. fxe3 Bf5 11. Bb2 a5 {[%emt 0:05:52] [#]} 12. d3 $146 ({Predecessor:} 12. Be2 e6 13. Rf1 Nd7 14. O-O-O a4 15. Nh4 Bg6 16. Kb1 f6 17. Nxg6 hxg6 18. h3 {½-½ (98) Savchenko,B (2581)-Goryachkina,A (2504) Sochi 2019}) 12... a4 13. e4 Bg6 14. h4 {[%emt 0:03:14] [#] Threatens to win with h5.} h5 15. Ne5 Bh7 16. Be2 Bg8 17. O-O-O f6 (17... Nd7 $14) 18. Ng6 $16 Rh6 19. Nf4 {[%emt 0:03:55] White is much more active.} Bf7 20. e5 ({Better is} 20. d4 $16) 20... fxe5 21. Bxe5 Nd7 22. Bb2 e5 23. Nh3 Bd5 24. Bf3 Bxf3 25. gxf3 axb3 26. axb3 Be7 27. Ng5 (27. Rdg1 $14) 27... Rg6 $11 28. Rdg1 Bf6 29. Ne4 Rxg1+ 30. Rxg1 O-O-O (30... Kf7 $11) 31. Nxf6 gxf6 $16 {[%emt 0:00:01][%mdl 4096] Endgame KRB-KRN} 32. Rg6 Rh8 {[%emt 0:00:06] White leaves nothing to chance now.} 33. d4 e4 34. fxe4 {[%emt 0:00:14] aiming for Kd2.} Re8 35. Rh6 Rxe4 36. Rxh5 f5 37. Kd2 f4 (37... Rg4 $16 {was worth a try.}) 38. Rf5 $18 f3 39. h5 ({Resist} 39. Rxf3 $6 Rxh4 40. Kd3 Kc7) 39... Rh4 (39... Kd8 {was called for.} 40. Kd3 Rh4) 40. Ke3 ({Weaker is} 40. Rxf3 Rxh5 41. Ba3 Kd8 $16) 40... Rh3 41. Ba3 Nb6 42. c4 {[%emt 0:00:00] Against Nd5+} f2+ (42... Nd7 {is a better defense.} 43. Be7 b6) 43. Kxf2 {[%emt 0:00:00] White is clearly winning.} Rxb3 44. Rf3 Rb1 45. Kg2 {[%emt 0:00:00] [#] Strongly threatening h6.} Nxc4 46. h6 {[%emt 0:00:00][%cal Bh5h6,Bh6h7][%mdl 32] White threatens h7 and mate.} Nxa3 47. h7 {[%emt 0:00:00] Weighted Error Value: White=0.10 (very precise) /Black=0.26 (precise)} 1-0

[Event "Summer Prague Open-A 2022"]
[Site "Prague"]
[Date "2022.08.06"]
[Round "2.2"]
[White "Schroer, Marcel"]
[Black "Pap, Gyula"]
[Result "1/2-1/2"]
[ECO "A41"]
[WhiteElo "2119"]
[BlackElo "2481"]
[Annotator "TA"]
[PlyCount "24"]
[EventDate "2022.08.05"]
[EventType "swiss"]
[EventCountry "CZE"]
[SourceTitle "playchess.com"]
[Source "ChessBase"]
[SourceQuality "1"]
[TimeControl "40/5400+30:1800+30"]

1. d4 d6 2. Nf3 g6 3. g3 Bg7 4. Bg2 Nf6 5. O-O O-O 6. b3 b5 {[%emt 0:05:28] A49: 1 d4 Nf6 2 Nf3 g6 3 g3: Anti-King's Indian systems.} 7. Nbd2 Bb7 8. c4 bxc4 {[%emt 0:12:56] The position is equal.} 9. bxc4 Nbd7 10. Rb1 Rb8 11. Qc2 {[%emt 0:16:58] [#]} Ba8 $146 ({Predecessor:} 11... c5 12. d5 Qa5 13. Rb5 Qc7 14. Bb2 Nb6 15. e4 e5 16. dxe6 fxe6 17. e5 Ne8 18. exd6 Nxd6 19. Bxg7 Kxg7 {1-0 (51) Harsha,B (2489)-Mamedov,R (2656) Warsaw 2021}) 12. Ba3 c5 {[%emt 0:04:34] A rather calm draw.  Weighted Error Value: White=0.08 (flawless) /Black=0.05 (flawless)} 1/2-1/2

[Event "Summer Prague Open-A 2022"]
[Site "Prague"]
[Date "2022.08.06"]
[Round "2.3"]
[White "Toure, Vasanth"]
[Black "Mirzoev, Azer"]
[Result "0-1"]
[ECO "B13"]
[WhiteElo "2144"]
[BlackElo "2424"]
[Annotator "TA"]
[PlyCount "102"]
[EventDate "2022.08.05"]
[EventType "swiss"]
[EventCountry "CZE"]
[SourceTitle "playchess.com"]
[Source "ChessBase"]
[SourceQuality "1"]
[TimeControl "40/5400+30:1800+30"]

1. e4 c6 2. d4 d5 3. exd5 cxd5 4. Bd3 Nf6 5. h3 Nc6 6. c3 g6 7. Nf3 Bf5 8. O-O Bxd3 9. Qxd3 Bg7 10. Re1 O-O 11. Bf4 e6 {[%emt 0:00:25] B13: Caro-Kann: Exchange Variation and Panov-Botvinnik Attack.} 12. Nbd2 Qb6 13. Ne5 Rac8 {[%emt 0:04:41] The position is equal.} 14. Rab1 Rfe8 {[%emt 0:01:55] [#]} 15. Nxc6 $146 ({Predecessor:} 15. Kh1 a6 16. Qf3 Nxe5 17. Bxe5 Nd7 18. Bxg7 Kxg7 19. Qf4 Qc7 20. Qxc7 Rxc7 21. Kg1 {½-½ (62) Bohatirchuk,F-Tartakower,S Moscow 1925}) 15... bxc6 16. Be5 c5 17. dxc5 Qxc5 18. Bd4 Qc7 19. Be5 Qa5 20. a4 Red8 21. Ra1 (21. b4 $5 Qxa4 22. Ra1 $11) 21... Ne8 22. Bxg7 (22. b4 $5 Qb6 23. a5 $11) 22... Nxg7 23. Nf3 Nf5 24. Ne5 Qc7 (24... Qc5 {is more complex.} 25. Rac1 f6 26. Ng4 Kf7) 25. Re2 Nd6 26. Qd4 Ne8 27. Ng4 {[%emt 0:00:37] [#] Strongly threatening Nh6+.} h5 28. Nf6+ Nxf6 29. Qxf6 Rd6 30. Rd2 Rb6 31. Re1 Rcb8 32. g4 hxg4 (32... Rxb2 $2 33. Rxb2 Rxb2 34. gxh5 $18) 33. hxg4 Qd8 34. Qxd8+ Rxd8 $11 {[%emt 0:00:05][%mdl 4096] Endgame KRR-KRR} 35. Kg2 Rdb8 36. Ree2 Kg7 37. Kf3 Kf6 38. Kg3 g5 39. f3 Kg6 40. Rf2 R8b7 41. Rfe2 Kf6 42. Rf2 a5 43. Rfe2 (43. f4 $11) 43... Rc6 $17 44. Rd4 Rbc7 45. Red2 Rc4 46. Kf2 Ke5 47. Ke3 Kd6 48. Kd3 {[%emt 0:05:59] [#]} (48. R2d3 $15) 48... Rxd4+ $1 49. cxd4 Rc4 50. Rc2 (50. b3 $15 Rc1 51. Rb2) 50... Rxa4 {[%emt 0:00:06] Hoping for ...Rb4.} 51. Rc8 Rb4 {[%emt 0:00:45] Weighted Error Value: White=0.15 (very precise) /Black=0.11 (very precise)} 0-1